 Dungeon Crawl Stone Soup version 0.32-a0-841-g4648e6c457 (webtiles) character file.

Game seed: 18220926167777247893

28 GoldenjunoSP the Ruffian (level 3, 0/28 HPs)
             Began as a Gnoll Shapeshifter on Mar 26, 2024.
             Slain by a goblin
             ... wielding a +0 dagger
             ... led by Robin
              (1 damage)
             ... on level 1 of the Dungeon.
             The game lasted 00:06:43 (1028 turns).

GoldenjunoSP the Ruffian (Gnoll Shapeshifter)       Turns: 1028, Time: 00:06:44

Health: 0/28       AC:  3    Str: 15    XL:     3   Next: 14%
Magic:  3/4        EV: 11    Int:  9    God:
Gold:   96         SH:  0    Dex: 11    Spells: 3/3 levels left

rFire   . . .        g - +1 whip (flame)
rCold   . . .        (no shield)
rNeg    . . .        e - +0 leather armour
rPois   .            (helmet currently unavailable)
rElec   .            (cloak currently unavailable)
rCorr   .            (gloves currently unavailable)
SInv    .            (boots currently unavailable)
Will    .....        (no amulet)
Stlth   +            (no ring)
HPRegen 0.24/turn    (no ring)
MPRegen 0.09/turn

%: no passive effects
@: beast-form
A: beast (slay +3), fangs 1, strong nose, distributed training
a: Begin Untransformation


You were on level 1 of the Dungeon.
You were a hulking beast.
You visited 1 branch of the dungeon, and saw 2 of its levels.

You collected 96 gold pieces.

Inventory:

Hand Weapons
 f - a +0 sling
 g - a +1 whip of flaming (weapon)
Armour
 a - a +0 animal skin
 e - a +0 leather armour (worn)
Talismans
 c - a beast talisman (active)
 d - a flux talisman
Scrolls
 h - 2 scrolls of identify
Potions
 b - 3 potions of lignification


   Skills:
 + Level 2.6 Fighting
 + Level 0.7 Short Blades
 + Level 0.7 Long Blades
 + Level 0.7 Axes
 + Level 0.7 Maces & Flails
 + Level 0.7 Polearms
 + Level 0.7 Staves
 + Level 0.7 Ranged Weapons
 + Level 0.7 Throwing
 + Level 0.7 Armour
 + Level 4.5 Dodging
 + Level 0.7 Stealth
 + Level 0.7 Shields
 + Level 6.5 Unarmed Combat
 + Level 0.7 Spellcasting
 + Level 0.5 Conjurations
 + Level 0.5 Hexes
 + Level 0.5 Summonings
 + Level 0.5 Necromancy
 + Level 0.5 Translocations
 + Level 0.5 Fire Magic
 + Level 0.5 Ice Magic
 + Level 0.5 Air Magic
 + Level 0.5 Earth Magic
 + Level 0.5 Alchemy
 + Level 0.9 Invocations
 + Level 0.7 Evocations
 + Level 6.5 Shapeshifting


You had 3 spell levels left.
You didn't know any spells.
Your spell library was empty.

Dungeon Overview and Level Annotations

Branches:
Dungeon (2/15)

Altars:

Annotations:
D:2 Robin


Innate Abilities, Weirdness & Mutations

You are a hulking beast.
Your limbs bulge with bestial killing power. (Slay +3)
You have very sharp teeth.
Your uncanny sense of smell can sniff out nearby items.
Your experience applies equally to all skills.


Message History

You kill the goblin!
The bat barely misses you. The goblin hits you with a +0 dagger.
The hobgoblin barely misses you. The goblin barely misses you.
The goblin hits you with a +0 dagger. The bat completely misses you.
The hobgoblin misses you. The goblin misses you.
The goblin hits you with a +0 dagger.
There is a stone staircase leading up here.
You hit the bat. You burn the bat.
The bat is heavily wounded.
The bat hits you but does no damage.
The hobgoblin hits you but does no damage.
The goblin barely misses you. The goblin hits you with a +0 dagger.
The goblin hits you but does no damage.
You hit the bat. You burn the bat.
You kill the bat!
The hobgoblin barely misses you. The goblin hits you but does no damage.
The goblin closely misses you. The goblin hits you with a +0 dagger.
You whack the goblin! You burn the goblin.
You kill the goblin!
The hobgoblin misses you. The goblin hits you but does no damage.
The hobgoblin closely misses you. The goblin hits you with a +0 dagger.
The goblin closely misses you.
You whack the goblin! You burn the goblin.
You kill the goblin!
Robin throws the goblin at you!
The hobgoblin hits you but does no damage.
The hobgoblin hits you. x2
* * * LOW HITPOINT WARNING * * *
The goblin barely misses you. The goblin closely misses you.
The hobgoblin closely misses you. The hobgoblin barely misses you.
The hobgoblin closely misses you. The goblin barely misses you.
The goblin hits you but does no damage. The goblin hits you with a +0 dagger.
* * * LOW HITPOINT WARNING * * *
The goblin closely misses you.
You climb upwards.
There is a stone staircase leading down here.
You hit the goblin. You burn the goblin.
You kill the goblin!
The goblin hits you with a +0 dagger.
You die...

#.. #.. #.. #########..
###..........
#####...#######.. #g....###
### ####g###############
####.ghg...............
#####.....g######.#########
#...'....g........#
#.###...÷....###### #.#
####......# #.# #......##
#.# ##.#.....# #.#
#....÷...# ## #)#
#........# ####.


You could see 3 hobgoblins and 3 goblins.

Vanquished Creatures
  A dart slug (D:1)
  2 ball pythons (D:1)
  3 bats
  3 endoplasms (D:1)
  2 giant cockroaches (D:1)
  6 goblins
  A hobgoblin (D:1)
  A quokka (D:1)
  3 frilled lizards (D:1)
  2 rats (D:1)
24 creatures vanquished.

Notes
Turn   | Place    | Note
-------+----------+-------------------------------------------
     0 | D:1      | GoldenjunoSP the Gnoll Shapeshifter began the quest for the
                  | Orb.
     0 | D:1      | Reached XP level 1. HP: 17/17 MP: 1/1
   420 | D:1      | Reached XP level 2. HP: 23/23 MP: 2/2
   862 | D:1      | Reached XP level 3. HP: 28/28 MP: 3/3
  1018 | D:2      | Noticed Robin
  1026 | D:2      | HP: 1/28 [goblin/+0 dagger[Robin] (2)]
  1028 | D:1      | Slain by a goblin

Illustrated notes

Levels and vault maps discovered:
D:1:      dpeg_arrival_circle_labyrinth_c, layout_basic
D:2:      layout_rooms, amcnicky_mini_rare_corridor_liquid, serial_bayou_pond_e,
          uniq_robin, uniq_jessica

Action                     || total
---------------------------++-------
  Melee: Unarmed           ||     6
         Whip              ||    38
         Bite              ||     6
Ability: Begin Untransform ||     1
    Use: Scroll            ||     2
   Stab: Sleeping          ||     1
 Armour: Leather armour    ||    39
  Dodge: Dodged            ||    45
   Form: Beast             ||     1

Table legend: (Time is in decaauts)
 A = Elapsed time spent in this place.
 B = Non-inter-level travel time spent in this place.
 C = Inter-level travel time spent in this place.
 D = Time resting spent in this place.
 E = Time spent auto-exploring this place.
 F = Levels seen in this place.
 G = Mean time per level.
                   A        B        C        D        E       F      G
               +--------+--------+--------+--------+--------+-----+--------+
         Total |   1030 |    983 |     47 |    100 |    480 |   2 |  515.0 |
       Dungeon |   1030 |    983 |     47 |    100 |    480 |   2 |  515.0 |
               +--------+--------+--------+--------+--------+-----+--------+

Top non-repeatable levels by time:
     D:1: 1021 daAuts
     D:2: 9 daAuts
